[Event "71st Greek Championship 2022"]
[Site "Athens"]
[Date "2022.12.07"]
[Round "5.3"]
[White "Alexakis, Dimitris"]
[Black "Naoum, Spyridon"]
[Result "0-1"]
[ECO "B42"]
[WhiteElo "2486"]
[BlackElo "2352"]
[Annotator "TA"]
[PlyCount "122"]
[EventDate "2022.12.04"]
[EventType "tourn"]
[EventCountry "GRE"]
[SourceTitle "playchess.com"]
[Source "ChessBase"]
[SourceQuality "1"]
[TimeControl "40/5400+30:1800+30"]

1. e4 c5 2. Nf3 e6 3. d4 cxd4 4. Nxd4 a6 5. Bd3 Bc5 6. Nb3 Ba7 7. Qe2 {[%emt 0:05:42] 7.Qe2 scores better than 7.0-0.} Ne7 {[%emt 0:00:14] B42: Sicilian: Kan Variation: 5 Bd3.} 8. Nc3 O-O 9. Be3 Nbc6 {[%emt 0:00:11] White has an edge.} 10. O-O-O (10. Bxa7 {simplifies} Rxa7 11. O-O e5 12. Qd2) 10... b5 11. Kb1 b4 12. Na4 {[%emt 0:00:42] [#]} d6 $146 ({Predecessor:} 12... d5 13. exd5 Nxd5 14. Be4 Bxe3 15. fxe3 Qe7 16. Bxd5 exd5 17. Nb6 Rb8 18. Nxd5 Qe5 {1-0 (34) Sjugirov,S (2696)-Dubov,D (2711) Chess.com INT 2022}) 13. Bxa7 Rxa7 14. Qe3 a5 15. Bb5 Ba6 (15... Rb7 $11 16. c4 Qc7) 16. Bxa6 $1 $16 Rxa6 17. Qd3 Nb8 {[%emt 0:00:22] [#] aiming for ...Qe8.} 18. Nbc5 $1 Rc6 {[%emt 0:00:10] White must now prevent ...Qe8.} 19. Nb7 Qc7 20. Nxd6 Ng6 21. Qd4 (21. Nb5 $16 Qb7 22. b3) 21... Na6 (21... Rxc2 $11 22. Rc1 Rc6 23. Rxc6 Nxc6) 22. e5 (22. Nb5 $14 Qb8 23. c4) 22... Rb8 (22... Nc5 $11 {remains equal.} 23. Nxc5 Rxc5) 23. f4 (23. h4 $1 $16 ) 23... h6 (23... Nc5 $1 $11 {keeps the balance.} 24. Nxc5 Rxc5) 24. g3 (24. Qe4 $16) 24... Ne7 (24... Rxc2 25. Rc1 Rc6 26. Qd3 $16) 25. Qe4 (25. Ne4 {simplifies} Rxc2 26. Qd6 Rc6 27. Qxc7 Nxc7 28. Rd7) 25... Nc5 $1 {[%emt 0:02:07] Inhibits g4.} 26. Nxc5 Rxc5 27. Rd2 a4 28. Rhd1 (28. Rc1 $11) 28... b3 $2 (28... Nd5 $17 {[%cal Od5c3] Hoping for ...Nc3+!} 29. Rd4 a3) 29. cxb3 (29. Qxa4 Rxc2 30. axb3 Rxd2 31. Rxd2 Nd5 $11) (29. a3 {feels hotter.} bxc2+ 30. Rxc2 Nd5 31. Nc4) 29... axb3 30. axb3 (30. a3 $1 $14) 30... g6 $2 (30... Nd5 $15 {stays ahead.} 31. Rd3 Nb4) 31. b4 Rc6 (31... Nd5 $16) 32. b5 Rc5 33. Rc2 Nd5 34. Rdc1 (34. Rxc5 $18 Qxc5 35. Qd4) 34... Rxc2 35. Rxc2 (35. Qxc2 $16 Qa5 36. Qd3) 35... Qa5 (35... Qa7 $11) 36. Rc4 Ra8 ({Better is} 36... Qd2) 37. f5 $2 (37. Kc2 $16) 37... Qd2 $2 (37... gxf5 $11 {and Black is okay.} 38. Nxf5 h5) 38. Qd4 $2 (38. fxg6 $2 Qd1+ 39. Rc1 Nc3+ $1 40. bxc3 Qb3#) (38. Qc2 $1 $18 Qe1+ 39. Qc1 Qxe5 40. Rc8+ Rxc8 41. Qxc8+ Kh7 42. fxg6+ (42. Nxf7 $2 Qxf5+ 43. Kc1 Qxf7 $19) 42... fxg6 43. Qd7+ Qg7 44. Qxg7+ Kxg7 45. Nc4) 38... Qe1+ $14 (38... Qxh2 $2 39. fxe6 fxe6 40. b6 Nxb6 41. Qxb6 $18) 39. Rc1 Qa5 40. fxe6 Qa2+ $1 41. Kc2 fxe6 42. b6 Ra4 $1 {[%emt 0:06:38] Prevents b7.} 43. Qc5 Nb4+ (43... Rb4 $2 44. Qc8+ Kh7 45. Qb7+ (45. Qxe6 Qb3+ 46. Kd2 Qe3+ 47. Kd1 Rd4+ 48. Kc2 Qd3#) 45... Kg8 46. Qb8+ Kh7 47. Qa7+ Qxa7 48. bxa7 $18) 44. Kd1 Qb3+ 45. Ke2 Qxb2+ 46. Kf1 {[%emt 0:00:12] Intending Qc8+ and mate.} Ra8 {[%emt 0:00:01] Against Qc8+} 47. Kg1 {[%emt 0:06:16] b7 is the strong threat.} Nd3 48. b7 $2 (48. Qc8+ $11 Rxc8 49. Rxc8+ Kh7 50. Rc7+ Kh8 51. Rc8+ Kh7 52. Rc7+ Kh8 53. Rc8+ Kh7) 48... Rf8 $2 (48... Qxc1+ 49. Qxc1 Rf8 50. Qc8 Ne1 51. b8=Q Nf3+ 52. Kf2 Rxc8 53. Qxc8+ Kg7 54. Qd7+ Kg8 55. Qf7+ Kh8 56. Ne8 Nxe5 57. Qg7#) (48... Rd8 $1 $19 {has better winning chances.} 49. Qc7 Qxc1+ 50. Qxc1 Nxc1) 49. Qc2 $17 {[%emt 0:00:42] White threatens Qxb2 and mate.} Qd4+ (49... Qxc1+ $2 50. Qxc1 Nxc1 51. Nc8 Ne2+ 52. Kg2 $18) 50. Kg2 $2 (50. Kh1 $17 Nf2+ 51. Kg2 (51. Kg1 Nd1+ 52. Kg2 Ne3+ 53. Kh1 Nxc2 54. b8=Q Rxb8 55. Rxc2 Qd1+ 56. Kg2 Qxc2+ 57. Kf3 Qd1+ 58. Kf2 Rb3 59. Kg2 Rb2+ 60. Kh3 Qh5#) 51... Qd5+ 52. Kf1 Nd1+ 53. Nf5 (53. Kg1 Qd4+ 54. Kg2 Ne3+ 55. Kh1 Nxc2 56. b8=Q Rxb8 57. Rxc2 Qd1+ 58. Kg2 Qxc2+ 59. Kf3 Qd1+ 60. Kf2 Rb3 61. Kg2 Rb2+ 62. Kh3 Qh5#) 53... Ne3+ 54. Kg1 gxf5 55. Qe2) 50... Rf2+ $1 51. Qxf2 Qxf2+ 52. Kh1 Qf3+ (52... Nxc1 53. b8=Q+ (53. b8=B $2 Qf1#) 53... Qf8 54. Qxf8+ Kxf8 55. Kg2 $11) 53. Kg1 Qe3+ $1 (53... Nxc1 $2 54. b8=Q+ (54. b8=B $2 Ne2#) 54... Qf8 55. Qb1 Ne2+ 56. Kg2 $18) 54. Kg2 {[%emt 0:00:00] [#]} Qe2+ $2 (54... Nxc1 55. b8=Q+ (55. b8=B Qe2+ 56. Kh3 Nd3 57. Ne8 Nf2+ 58. Kg2 Ne4+ 59. Kh3 Ng5+ 60. Kh4 Qh5#) 55... Kh7 56. Qc7+ Kh8 57. Qd8+ Kh7 58. Qe7+ Kh8 59. Qf6+ (59. Qxe6 Qe2+ 60. Kg1 Qe1+ 61. Kg2 Qe2+ 62. Kh3 Qh5+ 63. Kg2 Qe2+ $11) 59... Kh7 60. Qf7+ (60. Qxe6 Qe2+ 61. Kh3 Qh5+ 62. Kg2 Qe2+ 63. Kh3 Qh5+ 64. Kg2 Qe2+ $11) 60... Kh8 61. Qxg6) (54... Qd2+ $1 {mates} 55. Kf3 Nxe5+ 56. Ke4 Qd5+ 57. Ke3 Qd3+ 58. Kf2 Qd2+ 59. Kg1 Qxc1+ 60. Kf2 Qd2+ 61. Kf1 Qd1+ 62. Kf2 Ng4+ 63. Kg2 Qe2+ 64. Kh3 Nf2+ 65. Kg2 Ne4+ 66. Kh3 Ng5+ 67. Kh4 Qh5#) 55. Kg1 $1 $11 Qe3+ (55... Nxc1 56. b8=Q+ (56. b8=B Qf3 57. h4 Ne2+ 58. Kh2 Qxg3+ 59. Kh1 Qh3#) 56... Kh7 57. Qc7+ Kg8 58. Qf7+ Kh8 59. Qxg6 Qf3 60. Nf7+) 56. Kg2 {[%emt 0:00:01] [#]} Qd2+ $1 (56... Nxc1 57. b8=Q+ (57. b8=B Qe2+ 58. Kh3 Nd3) 57... Kh7 58. Qc7+ Kh8 59. Qd8+ Kh7 60. Qe7+ Kh8 61. Qf6+ (61. Qxe6 Qe2+ 62. Kg1 Qe3+ 63. Kg2 Qe2+ 64. Kh3 Qh5+ 65. Kg2 Qe2+ $11) 61... Kh7 62. Qf7+ (62. Qxe6 Qe2+ 63. Kh3 Qh5+ 64. Kg2 Qe2+ 65. Kh3 Qh5+ 66. Kg2 Qe2+ $11) 62... Kh8 63. Qxg6) 57. Kf3 Qf2+ (57... Nxc1 $2 58. b8=Q+ (58. b8=B $2 Qe2+ 59. Kf4 g5#) 58... Kh7 59. Qc7+ Kh8 60. Qd8+ Kh7 61. Qe7+ Kh8 62. Qd8+ (62. Qxe6 $2 Qe2+ 63. Kf4 Nd3#) 62... Kh7 63. Qe7+ Kg8 64. Qe8+ (64. Qxe6+ Kh7 $16) 64... Kg7 65. Qf7+ (65. Qxe6 $2 Qe2+ 66. Kf4 Nd3#) 65... Kh8 66. Qf8+ (66. Qxg6 $2 Qe2+ 67. Kf4 Nd3+ $19) 66... Kh7 67. Qf7+ (67. Ne4 $2 Qe2+ 68. Kf4 Nd3#) 67... Kh8 68. Qf8+ (68. Qxg6 $2 Qe2+ 69. Kf4 Nd3+ $19) 68... Kh7 69. Qe7+ $18 (69. Ne4 $2 Qe2+ 70. Kf4 Nd3#)) (57... Nxe5+ $142 58. Ke4 Qd5+ 59. Ke3 Qd3+ 60. Kf2 Qd2+ 61. Kg1 Qxc1+ 62. Kg2 Qd2+ 63. Kh3 Qxd6 64. Kg2 Ng4 65. Kg1 Qd1+ 66. Kg2 Qe2+ 67. Kh3 Nf2+ 68. Kg2 Ne4+ 69. Kh3 Ng5+ 70. Kh4 Qh5#) 58. Ke4 $19 {[%emt 0:01:01] Black is clearly winning.} Qe2+ (58... Nxc1 59. b8=Q+ (59. b8=B Qd2 60. Nc4 Qd3+ 61. Kf4 Ne2+ 62. Kg4 Qf5+ 63. Kh4 Qh5#) 59... Qf8 60. Qb7 $16) 59. Kd4 Qxe5+ (59... Nxc1 $2 60. b8=Q+ (60. b8=B $2 {is the wrong capture.} Qb2+ 61. Kc5 Nd3+ 62. Kc6 Qxb8 $19) 60... Kh7 61. Qc7+ Kg8 62. Qf7+ Kh8 63. Qe8+ (63. Qxe6 Qd2+ 64. Ke4 Qd3+ 65. Kf4 Qd2+ 66. Kg4 Qe2+ 67. Kh3 Qh5+ 68. Kg2 Qe2+ 69. Kg1 Qe3+ 70. Kg2 Qe2+ 71. Kh3 Qh5+ 72. Kg2 Qe2+ $11) (63. Qxg6 Nb3+ 64. Kc3 Qxe5+ 65. Kxb3 Qxd6 $16) 63... Kh7 64. Qe7+ (64. Qxe6 Qd2+ 65. Ke4 Qd3+ 66. Kf4 g5+ 67. Kg4 Qe2+ 68. Kh3 Qf1+ 69. Kg4 Qe2+ 70. Kh3 Qf1+ 71. Kg4 Qe2+ $11) 64... Kg8 65. Qf7+ Kh8 66. Qe8+ (66. Qxe6 Qd2+ 67. Ke4 Qd3+ 68. Kf4 Qd2+ 69. Kg4 Qe2+ 70. Kh3 Qh5+ 71. Kg2 Qe2+ 72. Kg1 Qe3+ 73. Kg2 Qe2+ 74. Kh3 Qh5+ 75. Kg2 Qe2+ $11) (66. Qxg6 Nb3+ 67. Kc3 Qxe5+ 68. Kxb3 Qxd6 $16) 66... Kg7 67. Qf7+ (67. Qxe6 Qd2+ 68. Ke4 Qg2+ 69. Kd4 Qd2+ 70. Ke4 Qg2+ 71. Kd4 Qd2+ $11) 67... Kh8 $18) 60. Kxd3 Qxd6+ 61. Ke2 Qa6+ {[%emt 0:00:02] What a bad dream for White.   Weighted Error Value: White=0.47/Black=0.55} 0-1

[Event "71st Greek Championship 2022"]
[Site "Athens"]
[Date "2022.12.07"]
[Round "5.4"]
[White "Koutlas, Nikolaos"]
[Black "Moutousis, Konstantinos"]
[Result "1-0"]
[ECO "B12"]
[WhiteElo "2267"]
[BlackElo "2392"]
[Annotator "TA"]
[PlyCount "171"]
[EventDate "2022.12.04"]
[EventType "tourn"]
[EventCountry "GRE"]
[SourceTitle "playchess.com"]
[Source "ChessBase"]
[SourceQuality "1"]
[TimeControl "40/5400+30:1800+30"]

1. e4 c6 2. d4 d5 3. e5 c5 4. Nf3 a6 5. dxc5 Nc6 {[%emt 0:03:41] [#]} 6. Nc3 $146 {[%emt 0:11:28][%cal Bb1c3,Bc3a4,Ba4c5][%mdl 32] B12: Caro-Kann: Advance Variation.} ({Predecessor:} 6. h3 Bf5 7. c3 a5 8. Be3 e6 9. Bb5 Nge7 10. O-O Ng6 11. Nbd2 h5 12. Re1 {0-1 (41) Souleidis,G (2426)-Silvestre,C (1942) Chess.com INT 2022}) 6... e6 7. Na4 Bxc5 {[%emt 0:03:52][%mdl 64] Decoy} 8. Nxc5 {[%emt 0:00:09] Threatens to win with c3. White is better.} Qa5+ 9. c3 Qxc5 10. Bd3 Nge7 11. O-O Ng6 12. Re1 (12. Be3 Qe7 $14) 12... f6 (12... Qe7 $16) 13. exf6 $1 $18 gxf6 14. b4 (14. Bh6 $18) 14... Qe7 $16 15. Be3 e5 16. Bc5 Qf7 17. b5 $1 axb5 18. Bxb5 {[%emt 0:01:32] This pair of bishops is nice.} (18. Nd4 $16 Nce7 19. Nxb5 (19. Bxb5+ Kf8 $14)) 18... Bd7 (18... Be6 $14) 19. c4 dxc4 (19... Nf4 $16) 20. Qc2 $2 ({White has to play} 20. Nd2 $1 $18 Be6 21. Ne4) 20... Na5 $2 (20... Nf4 $11 {and Black stays safe.}) 21. Bxd7+ Qxd7 22. Rad1 {[%emt 0:00:41] Prevents Qd5.} Qc8 23. Qa4+ (23. Rd5 $18) 23... Qc6 24. Qb4 b6 25. Bxb6 {[%emt 0:07:37] White has more active pieces. The black rooks are badly placed.} (25. Qxb6 $6 Qxb6 26. Bxb6 Nb7 $11) 25... Nb7 {[%emt 0:01:52] Inhibits Rd6.} 26. Nd4 Qa4 27. Qd2 Ra6 28. Rb1 Qd7 {[%emt 0:00:38] Inhibits Nb5.} 29. Qc2 Nd6 30. Bc5 O-O {[%emt 0:00:08] [#]} (30... Qc8 $16 {was worth a try.} 31. Bxd6 Rxd6) 31. Nb5 $1 $18 Nxb5 32. Qxc4+ (32. Bxf8 $18 Qc6 33. Bh6) 32... Qf7 $16 33. Qxb5 Rfa8 34. a3 Nf4 35. Bb4 (35. Red1 $142) 35... Kh8 36. Rbd1 R6a7 (36... Qg8 $142 37. g3 Ne6) 37. Re3 ({Better is} 37. Rd6 $1 $16) 37... Qh5 38. Rde1 (38. Qf1 Rc7 $14) 38... Qf7 39. Rg3 Rd7 (39... Qb7 $142 40. Qxb7 (40. Rxe5 Qxb5 41. Rxb5 Ne2+ 42. Kf1 Nxg3+ 43. fxg3 Rc8 $11) 40... Rxb7) 40. Qc6 $1 (40. Rxe5 Rb7 41. Qc5 Rxb4 42. Qxb4 fxe5 $17) 40... Rad8 41. h3 h5 $2 {[%emt 0:11:34] [#]} (41... Qe6 $16 42. Qxe6 Nxe6) 42. Kh2 (42. Rxe5 $142 $3 {[%cal Og1h2][%mdl 512] aiming for Kh2!} Rc7 43. Qa6) 42... Rd5 (42... Qe6 {was necessary.} 43. Qxe6 Nxe6) 43. Qa6 $18 Kh7 44. Rc1 Re8 (44... Rd3 $142 45. Rc6 Rxg3 46. fxg3 Nd5) 45. Rc8 Rdd8 46. Rc6 Re6 47. Qc4 {[%emt 0:00:15] Hoping for Rc7.} Rd4 $2 (47... f5 48. Rg5 Rd7) 48. Qc2+ e4 (48... Kh8 $142 49. Rc7 Rd7) 49. Rc7 (49. Rc8 $142 Rd5 50. f3) 49... Rd7 50. Rxd7 Qxd7 51. Qc5 Re8 {[%emt 0:03:35] [#]} 52. Bd2 $1 Nd5 53. h4 Ra8 54. Qc2 Qe6 55. Bc1 Rg8 56. Rb3 $40 {[%emt 0:02:23][%mdl 128] White attacks with force.} Qg4 57. g3 {[%emt 0:00:27] Black must now prevent Qd2.} Ne7 $2 (57... Kg6 {keeps fighting.} 58. Qd2 Qf5) 58. Rb7 Rg7 59. Qd2 {[%emt 0:00:29] And now Qh6+ would win.} Nf5 {[%emt 0:00:48] Inhibits Qh6+.} 60. Rxg7+ Kxg7 61. Qf4 Qxf4 $2 (61... Qd1 62. Qxf5 (62. Qxe4 Nxh4 63. Bb2 Nf3+ 64. Kg2 Ne1+ 65. Kh3 Nf3 $18) 62... Qxc1 63. Qxh5 (63. Qxe4 Qxa3 64. Qf5 Qb2 $16) 63... Qd2 64. Qg4+ Kf7) 62. Bxf4 {[%emt 0:00:01][%mdl 4096] Endgame KB-KN} Kf7 63. Kg2 Ke6 64. f3 e3 65. Kf1 Kd5 66. a4 Kc4 67. Ke2 Kb4 68. Kd3 Kxa4 69. Bxe3 {[%emt 0:00:05] Strongly threatening Bd4.} Nxg3 70. Bf2 Nf5 71. Ke4 Ne7 {[%emt 0:00:46] [#]} 72. Bd4 $1 f5+ 73. Kf4 Kb3 74. Bf6 Nd5+ 75. Kxf5 Kc4 76. Be5 (76. Kg5 $142 Kd3 77. Bb2 Ke3 78. f4 Kd3 79. f5 Ne7 80. f6 (80. Kxh5 Nxf5 81. Bh8 Nxh4 $11) 80... Nc6 81. f7) 76... Kd3 77. Kg5 Ke3 78. f4 Ke4 79. Kxh5 $2 (79. Bd6 $18) 79... Kf5 $1 $11 80. Kh6 {[%emt 0:00:09] White threatens h5 and mate.} (80. Bb8 $5) 80... Kg4 $1 81. h5 {[%emt 0:00:07] Intending Kg6 and mate.} Ne7 $1 82. Bf6 Nf5+ 83. Kg6 {[%emt 0:00:03] White wants to mate with Bg5.} Kxf4 84. Bd8 $1 Ke5 $1 85. Bg5 Ke4 $2 (85... Ke6 $11) 86. Kf6 {[%emt 0:01:27] Weighted Error Value: White=0.33/Black=0.47} 1-0

[Event "71st Greek Championship 2022"]
[Site "Athens"]
[Date "2022.12.07"]
[Round "5.5"]
[White "Alexiadis, Hristos"]
[Black "Markidis, Konstantinos"]
[Result "0-1"]
[ECO "D78"]
[WhiteElo "2342"]
[BlackElo "2290"]
[Annotator "TA"]
[PlyCount "78"]
[EventDate "2022.12.04"]
[EventType "tourn"]
[EventCountry "GRE"]
[SourceTitle "playchess.com"]
[Source "ChessBase"]
[SourceQuality "1"]
[TimeControl "40/5400+30:1800+30"]

1. Nf3 d5 2. g3 g6 3. Bg2 Bg7 4. O-O Nf6 5. d4 O-O 6. c4 c6 7. Nbd2 a5 8. b3 Bf5 9. Nh4 Be6 10. Bb2 Na6 {[%emt 0:07:06][%cal Bb8a6,Ba6c5,Bc5e6][%mdl 32] D78: Fianchetto Grünfeld: 6 0-0 c6.} 11. e4 (11. e3 $11) 11... Nxe4 12. Nxe4 dxe4 {[%emt 0:00:08] Black is slightly better.} 13. Bxe4 Bh3 {[%emt 0:01:57] Inhibits f4.} 14. Re1 Nc5 15. Bg2 Bxg2 16. Kxg2 Ne6 17. Nf3 c5 18. Re4 {[%emt 0:01:43][%cal Od4d5] [#]} Ra6 $146 (18... Qd6 {seems wilder.} 19. d5 Bxb2 20. Rb1 Bd4) ({Predecessor:} 18... b5 19. d5 Bxb2 20. Rb1 bxc4 21. bxc4 Rb8 22. dxe6 f5 23. Re2 Qxd1 24. Rxd1 Rb4 {1-0 (54) Amin,B (2700)-Harsha,B (2424) Dubai 2018}) 19. d5 $1 Bxb2 20. Rb1 Bg7 21. dxe6 f5 $36 {[%emt 0:00:22][%mdl 2048] White is under pressure.} ({Resist} 21... Rxe6 22. Rxe6 fxe6 23. Qe2 $14) 22. Re2 Rd6 {[%emt 0:01:19] Against Qd7} 23. Rd2 Rxd2 24. Nxd2 Qd3 {[%emt 0:09:43] White must now prevent ...Rd8.} 25. Nf3 Rd8 {[%emt 0:05:50] Black is more active.} 26. Qxd3 Rxd3 $17 {[%emt 0:00:07][%mdl 4096] Endgame KRB-KRN} 27. Re1 Rd6 28. Ng5 $2 {[%emt 0:02:49] This move loses the game for White.} (28. h3 $15) 28... Rd2 $19 29. Nf3 Rxa2 30. Rd1 {[%emt 0:02:27] [#] Strongly threatening Rd8+.} Bf6 $1 31. Rd7 Rb2 32. Ne1 Rxb3 {[%emt 0:00:36] ...a4 is the strong threat.} 33. Nd3 b6 34. Nf4 b5 35. Nd5 {[%emt 0:01:17] Hoping for Nxf6+.} Kg7 (35... bxc4 $2 36. Nxf6+ Kf8 37. Nxh7+ Ke8 38. Ra7 $18) 36. Nc7 $2 (36. cxb5 {was the crucial defense.} Rxb5 37. Nxe7 Bxe7 38. Rxe7+ Kf6 39. Rxh7) 36... bxc4 {[%emt 0:00:29] And now ...c3 would win.} 37. Ne8+ {[%emt 0:00:06] [#]} Kf8 $1 38. Rd8 Be5 ({Don't go for} 38... Rd3 $2 39. Ra8 Bd4 40. Nd6+ Kg7 41. Nxc4 $19) 39. f4 $2 (39. Nd6+ Kg7 40. Nxc4) 39... Rb8 {[%emt 0:00:15] Weighted Error Value: White=0.55/Black=0.12 (very precise)} 0-1

[Event "71st Greek Championship 2022"]
[Site "Athens"]
[Date "2022.12.08"]
[Round "6.1"]
[White "Skembris, Spyridon"]
[Black "Markidis, Konstantinos"]
[Result "1/2-1/2"]
[ECO "A17"]
[WhiteElo "2381"]
[BlackElo "2290"]
[Annotator "TA"]
[PlyCount "62"]
[EventDate "2022.12.04"]
[EventType "tourn"]
[EventCountry "GRE"]
[SourceTitle "playchess.com"]
[Source "ChessBase"]
[SourceQuality "1"]
[TimeControl "40/5400+30:1800+30"]

1. c4 e6 2. Nf3 d5 3. e3 Nf6 4. Nc3 b6 5. b3 Bb7 6. Bb2 {[%emt 0:00:15] A17: English Opening: 1...Nf6 with ...Bb4.} Nbd7 7. Be2 a6 8. O-O Bd6 9. Rc1 O-O 10. d4 Qe7 11. Rc2 Rac8 {[%emt 0:10:52] [#]} 12. g3 $146 ({Predecessor:} 12. Qc1 Ne4 13. cxd5 exd5 14. Qd1 f5 15. Bd3 Ndf6 16. Qe2 b5 17. Nd1 Nd7 18. Ba1 {½-½ (35) Kovacs,D (1782)-Balogh,T (1832) Hungary 2017}) 12... Rfd8 13. cxd5 exd5 14. Nh4 g6 {[%emt 0:10:16] Prevents Nf5.} 15. Bf3 Ne4 16. Bg2 Nxc3 17. Bxc3 Nf6 18. Bb2 a5 19. Re1 (19. Nf3 $5) 19... Bb4 20. Bc3 Ne4 (20... c5 {with more complications.} 21. dxc5 bxc5 22. Qc1 Ne4) 21. Bxb4 axb4 22. Bxe4 dxe4 23. Qg4 c5 (23... c6 {simplifies} 24. Qe2 h6 25. Ng2 g5) 24. Rec1 {[%emt 0:02:04] [#]} Ba6 $1 25. dxc5 (25. Ng2 $17) 25... bxc5 (25... Rxc5 $19 26. h3 Bc8) 26. Ng2 $17 Bd3 (26... Kg7 $17) 27. Rd2 $15 c4 28. bxc4 Rxc4 29. Rcd1 Rc2 30. Nf4 Rxd2 (30... Qc7 $15 31. Nxd3 Rxd2 32. Rxd2 Qc3) 31. Rxd2 $11 Qc5 {[%emt 0:00:20] Weighted Error Value: White=0.15 (very precise) /Black=0.12 (very precise)} 1/2-1/2

[Event "71st Greek Championship 2022"]
[Site "Athens"]
[Date "2022.12.08"]
[Round "6.2"]
[White "Moutousis, Konstantinos"]
[Black "Alexiadis, Hristos"]
[Result "1/2-1/2"]
[ECO "E49"]
[WhiteElo "2392"]
[BlackElo "2342"]
[Annotator "TA"]
[PlyCount "66"]
[EventDate "2022.12.04"]
[EventType "tourn"]
[EventCountry "GRE"]
[SourceTitle "playchess.com"]
[Source "ChessBase"]
[SourceQuality "1"]
[TimeControl "40/5400+30:1800+30"]

1. d4 Nf6 2. c4 e6 3. Nc3 Bb4 4. e3 O-O 5. Bd3 d5 6. a3 Bxc3+ 7. bxc3 dxc4 8. Bxc4 c5 9. Ne2 Qc7 10. Bd3 b6 $1 {[%emt 0:00:44][%mdl 4] 10...b6 is setting a new trend.} 11. e4 {[%emt 0:03:13] E49: Nimzo-Indian: Rubinstein: 5 Bd3 d5 6 a3 Bxc3+ 7 bxc3.} cxd4 12. cxd4 Ba6 13. Bg5 Bxd3 14. Qxd3 Nbd7 {[%emt 0:00:53][%cal Bb8d7,Bd7e5,Be5c6][%mdl 32] [#]} 15. f3 $146 ({Predecessor:} 15. O-O Rac8 16. Rfc1 Qb7 17. f3 h6 18. Bxf6 Nxf6 19. a4 Rxc1+ 20. Rxc1 Rc8 21. Rxc8+ Qxc8 {½-½ (47) Savina,A (2350)-Tan,Z (2517) Riadh 2017}) 15... h6 16. Bd2 Rfd8 17. a4 Ne5 18. Qb5 Nc6 19. Rc1 Rac8 20. O-O Qd7 21. Bc3 Ne8 22. Rfd1 Nd6 23. Qh5 Ne7 24. a5 $1 Qb5 25. Qxb5 Nxb5 26. axb6 Nxc3 27. Nxc3 axb6 28. Nb5 Ra8 29. Rd2 Ra4 30. Rb2 {[%emt 0:00:22] Prevents Rb4.} f5 31. Rc7 Ng6 32. g3 fxe4 33. fxe4 e5 {[%emt 0:00:34] Weighted Error Value: White=0.07 (flawless) /Black=0.04 (flawless)} 1/2-1/2

[Event "71st Greek Championship 2022"]
[Site "Athens"]
[Date "2022.12.08"]
[Round "6.3"]
[White "Naoum, Spyridon"]
[Black "Koutlas, Nikolaos"]
[Result "1/2-1/2"]
[ECO "D24"]
[WhiteElo "2352"]
[BlackElo "2267"]
[Annotator "TA"]
[PlyCount "81"]
[EventDate "2022.12.04"]
[EventType "tourn"]
[EventCountry "GRE"]
[SourceTitle "playchess.com"]
[Source "ChessBase"]
[SourceQuality "1"]
[TimeControl "40/5400+30:1800+30"]

1. d4 d5 2. c4 e6 3. Nf3 Nf6 4. Nc3 dxc4 5. e4 b5 (5... Bb4 {keeps more tension.} 6. Bg5 c5 7. Bxc4 cxd4 8. Nxd4 Qa5) 6. e5 {[%emt 0:00:44] Against a6. D24: Queen's Gambit Accepted: 3 Nf3 Nf6 4 Nc3.} Nd5 7. Nxb5 Nb6 8. Be2 {[%emt 0:03:55] White is slightly better.} Nc6 9. O-O Be7 {[%emt 0:01:10] Against Bg5} 10. Be3 {[%emt 0:00:00] 10.Qd2 might become the main line.} O-O 11. Qc1 Rb8 12. Rd1 Ba6 13. Nc3 (13. Bxc4 $2 Nxc4 14. Qxc4 Bxb5 $19) 13... Nb4 14. a3 {[%emt 0:40:16] [#]} Nd3 $146 ({Predecessor:} 14... N4d5 15. b4 Nxc3 16. Qxc3 Bb5 17. Qc1 Ra8 18. Nd2 a5 19. bxa5 Rxa5 20. Nxc4 Bxc4 21. Bxc4 Rxa3 22. Rxa3 Bxa3 {½-½ (35) Gretarsson,H (2472)-Niedbala,B (2381) Piestany 2022}) 15. Qd2 Nd5 {[%emt 0:22:15] Against b3} 16. b4 Bb7 17. Ne1 {[%emt 0:01:13] Against a5} a5 (17... Nxe3 $11 {should be considered.} 18. fxe3 Nxe1 19. Qxe1 a5) 18. bxa5 (18. Nxd5 $14 Qxd5 19. Bf3) 18... Nxe1 19. Rxe1 (19. Qxe1 $5 Nxe3 20. fxe3 $14) 19... Nxe3 $1 20. Qxe3 (20. fxe3 $5 c5 21. Na4 $11 (21. Bxc4 Qxa5 22. Qd3 cxd4 $15)) 20... c5 21. d5 (21. Red1 $11) 21... Qxa5 $2 (21... Bxd5 22. Red1 $14) ({Black should play} 21... exd5 $19 {Threatens to win with ...d4.} 22. e6 d4 23. exf7+ Rxf7) 22. Red1 (22. d6 $16 Bg5 23. Qxg5 Qxc3 24. Rec1) 22... exd5 23. Rxd5 Bg5 24. Qxg5 {[%emt 0:00:39][%cal Og5e3] [#] Strongly threatening Qe3!} ({Of course not} 24. Rxc5 Bxe3 25. Rxa5 Bd2 $15) 24... Qxc3 25. Rdd1 Rfe8 (25... Ba6 $11 {is superior.}) 26. Rac1 (26. Rab1 $1 $14) 26... Qxe5 $11 {[%emt 0:08:17] The position is equal.} 27. Qxe5 Rxe5 28. Bxc4 Bc6 {[%emt 0:00:10] Inhibits a4.} 29. Rb1 Ra8 30. Rb6 Be8 31. f3 Kf8 32. Rb7 Re3 33. Rd5 Rexa3 ({Don't do} 33... Bc6 {[#]} 34. Rxf7+ $1 Kxf7 35. Re5+ (35. Rxc5+ Kf8 $17) 35... Kf6 36. Rxe3 $16) 34. Rxc5 Rc3 35. Rbc7 Rc2 {[%emt 0:00:59] Hoping for ...Ra1+.} 36. h4 g6 37. Rc8 Rxc8 38. Rxc8 Kg7 39. Rxe8 Rxc4 40. g3 Rc2 41. Kf1 {[%emt 0:00:39] Weighted Error Value: White=0.27 (precise) /Black=0.21 (precise)} 1/2-1/2